 Dungeon Crawl Stone Soup version 0.22-b1-59-g0aedee7 (webtiles) character file.

295271 jersan95 the Slayer (level 20, -1/186 HPs)
             Began as a Merfolk Gladiator on Aug 9, 2018.
             Was a High Priest of Okawaru.
             Killed from afar by a Hell Sentinel (74 damage)
             ... with an iron shot
             ... summoned by a deep elf demonologist
             ... on level 3 of the Elven Halls on Aug 10, 2018.
             The game lasted 01:58:30 (41688 turns).

jersan95 the Slayer (Merfolk Gladiator)            Turns: 41688, Time: 01:58:30

Health: -1/186     AC: 26    Str: 28    XL:     20   Next: 87%
Magic:  29/29      EV: 36    Int:  8    God:    Okawaru [*****.]
Gold:   770        SH: 31    Dex: 23    Spells: 10/19 levels left

rFire    + . .     SeeInvis .   M - +9 demon trident (elec)
rCold    + + +     Gourm    .   Z - +5 shield of Elen {rC- rN+++ Str+6}
rNeg     + + +     Faith    .   E - +6 steam dragon scales of the Ancient Wishes {Str+2 Dex+4 Stlth+}
rPois    +         Spirit   .   U - +1 hat {MR+}
rElec    .         Reflect  +   Y - +2 cloak {rPois}
rCorr    .         Harm     .   G - +2 pair of gloves {Dex+3}
MR       ++...                  d - +2 pair of boots {Stlth+}
Stlth    +++++.....             N - brooch of Shielding {Reflect SH+8}
HPRegen  0.41/turn              B - ring of protection from fire
MPRegen  0.21/turn              s - ring of Pulot {rC+++ EV+3 Str+2 Dex-4}

@: heroism
A: change form in water, swift swim, stealthy swim, cold resistance 1
}: 2/15 runes: serpentine, barnacled
a: Heroism, Finesse, Renounce Religion


You were on level 3 of the Elven Halls.
You worshipped Okawaru.
Okawaru was extremely pleased with you.
You were not hungry.

You visited 6 branches of the dungeon, and saw 34 of its levels.
You visited 1 bazaar.
You also visited: Labyrinth, Bailey and Ice Cave.

You collected 4145 gold pieces.
You spent 3375 gold pieces at shops.

Inventory:

Hand Weapons
 m - the +9 demon trident of Okawaru's Scorn {drain, Dex+3}
   (Okawaru gifted it to you on level 1 of the Snake Pit)

   A truly terrible weapon, it drains the life of those it strikes.
   It affects your dexterity (+3).
 C - a +3 demon trident of draining
 M - a +9 demon trident of electrocution (weapon)
Missiles
 a - 45 tomahawks of returning (quivered)
Armour
 d - a +2 pair of boots of stealth (worn)
 E - the +6 steam dragon scales of the Ancient Wishes (worn) {Str+2 Dex+4 Stlth+}
   (You found it in a bailey)

   It affects your strength (+2).
   It affects your dexterity (+4).
   It makes you more stealthy.
 G - a +2 pair of gloves of dexterity (worn)
 U - a +1 hat of magic resistance (worn)
 Y - a +2 cloak of poison resistance (worn)
 Z - the +5 shield of Elen (worn) {rC- rN+++ Str+6}
   (Okawaru gifted it to you on level 4 of the Snake Pit)

   It affects your strength (+6).
   It makes you vulnerable to cold.
   It renders you almost immune to negative energy.
Jewellery
 b - an uncursed ring of see invisible
 s - the ring of Pulot (right hand) {rC+++ EV+3 Str+2 Dex-4}
   (You found it on level 4 of the Shoals)

   [ring of evasion]

   It affects your evasion (+3).
   It affects your strength (+2).
   It affects your dexterity (-4).
   It renders you almost immune to cold.
 w - an uncursed ring of resist corrosion
 B - a ring of protection from fire (left hand)
 N - the brooch of Shielding (around neck) {Reflect SH+8}
   (You bought it in a shop on level 2 of the Snake Pit)

   [amulet of reflection]

   It shields you and reflects attacks.
   It affects your SH (+8).
Wands
 e - a wand of flame (25)
 h - a wand of clouds (8)
 y - a wand of acid (11)
 z - a wand of paralysis (3)
 J - a wand of iceblast (47)
 X - a wand of scattershot (5)
Scrolls
 i - 9 scrolls of blinking
 k - 6 scrolls of fear
 l - 6 scrolls of magic mapping
 o - 11 scrolls of remove curse
 r - 2 scrolls of enchant weapon
 t - 8 scrolls of teleportation
 H - 2 scrolls of holy word
 L - 12 scrolls of fog
 O - a scroll of enchant armour
 T - 2 scrolls of identify
 V - 2 scrolls of amnesia
Potions
 c - 2 potions of magic
 g - 5 potions of might
 j - 3 potions of resistance
 q - 6 potions of haste
 u - 5 potions of flight
 v - 3 potions of mutation
 x - 8 potions of heal wounds
 A - 2 potions of ambrosia
 D - 3 potions of cancellation {unknown}
 F - 4 potions of curing
 K - 4 potions of invisibility
 R - 3 potions of brilliance {unknown}
Miscellaneous
 p - a fan of gales
 I - 2 boxes of beasts
 W - a lightning rod (4/4)
Comestibles
 f - 47 rations


   Skills:
 + Level 23.5(27) Fighting
 - Level 14.0(19.0) Polearms
 - Level 2.0(7.0) Throwing
 + Level 10.7(15.7) Armour
 - Level 17.2(22.2) Dodging
 - Level 15.3(20.3) Shields
 - Level 12.5 Invocations


You had 10 spell levels left.
You knew the following spells:

 Your Spells              Type           Power        Failure   Level  Hunger
a - Regeneration          Chrm/Necr      #.........   78%         3    ####...
b - Deflect Missiles      Chrm/Air       #.........   100%        6    #######

Your spell library contained the following spells:

 Spells                   Type           Power        Failure   Level  Hunger
 Cause Fear               Hex            #.........   99%         4    #####..
 Magic Dart               Conj           #...         41%         1    ##.....
 Fireball                 Conj/Fire      #.........   100%        5    ######.
 Apportation              Tloc           #.....       41%         1    ##.....
 Conjure Flame            Conj/Fire      #.......     78%         3    ####...
 Bolt of Magma            Conj/Fire/Erth #.........   100%        5    ######.
 Slow                     Hex            #.......     54%         2    ###....
 Confuse                  Hex            #.......     78%         3    ####...
 Invisibility             Hex            #.......     100%        6    #######
 Throw Flame              Conj/Fire      #.....       54%         2    ###....
 Mephitic Cloud           Conj/Pois/Air  #.......     78%         3    ####...
 Ring of Flames           Chrm/Fire      #.........   100%        7    #######
 Venom Bolt               Conj/Pois      #.........   100%        5    ######.
 Summon Small Mammal      Summ           #...         41%         1    ##.....
 Bolt of Draining         Conj/Necr      #.........   100%        5    ######.
 Blink                    Tloc           N/A          54%         2    ###....
 Pain                     Necr           #...         41%         1    ##.....
 Summon Ice Beast         Ice/Summ       #.......     99%         4    #####..
 Call Imp                 Summ           #.......     54%         2    ###....
 Dispel Undead            Necr           #.......     100%        5    ######.
 Sublimation of Blood     Necr           #.........   54%         2    ###....
 Tukima's Dance           Hex            #.......     78%         3    ####...
 Corpse Rot               Necr           N/A          54%         2    ###....
 Iron Shot                Conj/Erth      #.........   100%        6    #######
 Shock                    Conj/Air       #...         41%         1    ##.....
 Recall                   Summ/Tloc      N/A          78%         3    ####...
 Agony                    Necr           #.......     100%        5    ######.
 Spider Form              Tmut/Pois      #.........   78%         3    ####...
 Statue Form              Tmut/Erth      #........    100%        6    #######
 Dragon Form              Tmut           #.........   100%        7    #######
 Shadow Creatures         Summ           N/A          100%        6    #######
 Confusing Touch          Hex            #.....       41%         1    ##.....
 Passwall                 Tmut/Erth      #.......     54%         2    ###....
 Ignite Poison            Fire/Tmut/Pois #.......     78%         3    ####...
 Call Canine Familiar     Summ           #.......     78%         3    ####...
 Ensorcelled Hibernation  Hex/Ice        #.....       54%         2    ###....
 Metabolic Englaciation   Hex/Ice        #.........   100%        5    ######.
 Summon Butterflies       Summ           #.......     41%         1    ##.....
 Silence                  Hex/Air        #.........   100%        5    ######.
 Shatter                  Erth           #.........   100%        9    #######
 Corona                   Hex            #......      41%         1    ##.....
 Alistair's Intoxication  Tmut/Pois      #.......     100%        5    ######.
 Conjure Ball Lightning   Conj/Air       #.........   100%        6    #######
 Excruciating Wounds      Chrm/Necr      #.........   100%        5    ######.
 Portal Projectile        Hex/Tloc       #.....       78%         3    ####...
 Petrify                  Tmut/Erth      #.......     99%         4    #####..
 Passage of Golubria      Tloc           N/A          99%         4    #####..
 Orb of Destruction       Conj           #.........   100%        7    #######
 Tornado                  Air            #.........   100%        9    #######
 Leda's Liquefaction      Hex/Erth       #.........   99%         4    #####..
 Darkness                 Hex            #.........   100%        6    #######
 Shroud of Golubria       Chrm/Tloc      #.........   54%         2    ###....
 Inner Flame              Hex/Fire       #.......     78%         3    ####...
 Iskenderun's Battlesphe  Conj/Chrm      #.......     100%        5    ######.
 Dazzling Spray           Conj/Hex       #.....       78%         3    ####...
 Infusion                 Chrm           #...         41%         1    ##.....
 Song of Slaying          Chrm           #.......     54%         2    ###....
 Spectral Weapon          Hex/Chrm       #.......     78%         3    ####...
 Discord                  Hex            #.........   100%        8    #######
 Summon Forest            Summ/Tloc      #.........   100%        5    ######.
 Summon Lightning Spire   Summ/Air       #.......     99%         4    #####..
 Summon Guardian Golem    Hex/Summ       #.......     78%         3    ####...
 Spellforged Servitor     Conj/Summ      #.........   100%        7    #######
 Hydra Form               Tmut           #.........   100%        6    #######
 Gell's Gravitas          Tloc           #.........   78%         3    ####...
 Yara's Violent Unravell  Hex/Tmut       #.........   100%        5    ######.
 Lesser Beckoning         Tloc           #.........   78%         3    ####...
 Borgnjor's Vile Clutch   Necr/Erth      #.........   100%        5    ######.


Dungeon Overview and Level Annotations

Branches:
Dungeon (15/15)            Temple (0/1) D:5            Lair (6/6) D:8
 Shoals (4/4) Lair:3        Snake (4/4) Lair:3        Slime (0/5) Lair:5
    Orc (2/2) D:10            Elf (3/3) Orc:2        Vaults (0/5) D:13
 Depths (0/5) D:15

Altars:
Cheibriados
Elyvilon
Fedhas
Hepliaklqana
Makhleb
Okawaru
Qazlal
Ru
Sif Muna
Trog
Xom
Yredelemnul
Zin
The Shining One
Beogh
Jiyva

Shops:
D:4 [   Orc:2 %[([!   Shoals:4 =   Snake:2 =}=}   Snake:3 *

Portals:
Hell: Lair:6
Trove: D:12 (give +4 demon whip)


Innate Abilities, Weirdness & Mutations

You revert to your normal form in water.
You are very nimble and swift while swimming.
You are very stealthy in the water. (Stealth+)
Your flesh is cold resistant. (rC+)


Message History

You kill the deep elf mage!
Okawaru accepts your kill.
Attack whom?
Press: ? - help, Dir - move target cursor, f - Hell Sentinel
Aim: a Hell Sentinel (moderately wounded, summoned)
You reach to attack!
You hit the Hell Sentinel.
The Hell Sentinel is moderately wounded.
You hit the Hell Sentinel but do no damage.
The Hell Sentinel is moderately wounded.
You block the orange demon's attack. The Hell Sentinel gestures at you.
The sphere of damnation explodes!
The damnation engulfs you!
The damnation engulfs the Hell Sentinel.
The Hell Sentinel completely resists.
The Tzitzimitl calls on the powers of darkness!
The deep elf demonologist convulses!
Your body is wracked with pain!
The deep elf demonologist gestures wildly while chanting.
The Hell Sentinel gestures at you. The iron shot hits you!
You die...

##...## ### ##+...+## #.#
##.#####.## ##.#
#########.## ##.###...
##.....##.## ##.##...
##......)+###########'...)
#.........'....)....'.....
#.....(...###########.....
#....♣.).@# ##.....
#.........# #..)...
#.........# #......
##......1#### #######
##......4.4# #########4##
#.e# ##.# #.#


You could see a Hell Sentinel.

Vanquished Creatures
  Nikola (Elf:1)
  Asterion (Elf:3)
  Gastronok (D:11)
  Agnes (Elf:1)
  Roxanne (Shoals:1)
  Donald (Elf:2)
  11 nagarajas (Snake:4)
  Ilsuiw (Shoals:3)
  7 deep elf sorcerers
  2 orc warlords
  2 very ugly things (IceCv)
  The ghost of Larett the Warrior, a journeyman MiBe of Trog (Snake:1)
  A deep elf demonologist (Elf:3)
  A minotaur (Lab)
  Snorg (D:12)
  6 merfolk javelineers
  Josephine (Shoals:1)
  An ettin (shapeshifter) (D:15)
  8 merfolk impalers
  2 deep elf high priests (Elf:3)
  8 vault guards (D:13)
  Harold (D:11)
  An ice dragon (Shoals:2)
  11 hydras
  3 alligator snapping turtles
  26 naga warriors
  A death knight (D:14)
  2 merfolk avatars
  3 centaur warriors
  6 anacondas
  2 two-headed ogres (D:15)
  2 catoblepae
  25 dancing weapons
  An ogre mage (D:15)
  2 satyrs
  5 merfolk aquamancers
  26 naga sharpshooters
  7 shock serpents
  2 vampire magi (D:12)
  5 death yaks (Lair:4)
  An orc high priest (Orc:2)
  Urug (D:12)
  A shock serpent (shapeshifter) (Elf:1)
  18 deep elf knights
  A sun demon (Lair:6)
  2 salamander mystics
  3 skeletal warriors (D:14)
  11 sea snakes
  A swamp dragon (shapeshifter) (D:15)
  2 wizards
  An unseen horror (D:11)
  An obsidian statue (Snake:4)
  7 naga ritualists
  5 deep elf archers
  2 orc knights
  12 harpies
  3 fauns
  5 mana vipers
  5 ugly things
  4 orc sorcerers
  11 salamanders
  8 manticores
  6 elephants
  A cyclops (Shoals:4)
  71 deep elf magi
  A spectral shock serpent (Snake:1)
  14 merfolk sirens
  A centaur skeleton (D:13)
  9 water nymphs
  A torpor snail (Lair:2)
  41 black mambas
  7 guardian serpents
  22 naga magi
  5 spiny frogs
  5 ice statues (IceCv)
  2 orange demons (Lair:6)
  7 gargoyles
  6 rime drakes
  A kobold demonologist (D:15)
  5 anaconda simulacra
  8 komodo dragons
  A golden dragon simulacrum (IceCv)
  A harpy zombie (D:15)
  25 merfolk
  4 ice devils (Lair:6)
  A hellwing (Lair:6)
  10 trolls
  17 wind drakes
  Grinder (D:4)
  2 hornets
  3 slime creatures (D:15)
  2 polar bears
  20 blink frogs
  9 dream sheep
  A spectral black mamba (Snake:1)
  12 snapping turtles
  12 hippogriffs
  A shock serpent simulacrum (Snake:1)
  Sigmund (D:6)
  12 air elementals
  7 wraiths
  15 water elementals
  2 vampires
  14 wyverns
  A dire elephant simulacrum (IceCv)
  A fire elemental (Elf:3)
  A fire bat (shapeshifter) (D:15)
  3 basilisks
  33 yaks
  10 hungry ghosts
  Grum (Lair:1)
  5 wargs
  69 nagas
  16 insubstantial wisps (D:15)
  An iron troll simulacrum (IceCv)
  2 harpy simulacra (IceCv)
  Edmund (D:6)
  4 hell hounds
  16 water moccasins
  An acid dragon (shapeshifter) (D:15)
  12 porcupines
  2 spectral nagas (Snake:1)
  3 floating eyes (Elf:3)
  3 black bears (D:8)
  40 orc warriors
  A black mamba simulacrum (Snake:1)
  An eye of draining (D:14)
  10 ice beasts
  5 sky beasts
  26 wolves
  8 ogres
  4 boggarts (D:15)
  5 phantoms
  10 centaurs
  13 crocodiles
  A big kobold (D:10)
  22 bullfrogs
  5 earth elementals
  A water moccasin zombie (D:6)
  2 scorpions
  4 wights (D:9)
  4 killer bees (D:12)
  6 howler monkeys
  8 electric eels
  5 crimson imps
  A bullfrog zombie (D:11)
  3 centaur zombies
  A salamander simulacrum (Snake:1)
  A quasit (D:7)
  18 orc priests
  3 hounds
  7 jellies
  A bullfrog skeleton (D:13)
  25 orc wizards
  5 iguanas
  9 worker ants
  2 naga simulacra (Snake:1)
  A hound zombie (D:11)
  2 howler monkey zombies
  3 gnolls (D:7)
  A howler monkey skeleton (D:5)
  12 adders
  4 shadow imps
  An adder zombie (D:9)
  2 adder skeletons (D:8)
  A worm (D:6)
  6 ball lightnings (D:15)
  A dart slug (D:4)
  4 leopard geckos
  106 orcs
  4 giant cockroaches
  8 goblins
  10 hobgoblins
  2 jackals (D:9)
  3 quokkas
  3 bats (D:1)
  4 frilled lizards
  15 kobolds
  8 rats
  2 fungi
  A plant (Shoals:4)
1327 creatures vanquished.

Vanquished Creatures (others)
  A merfolk javelineer (Shoals:4)
  2 naga sharpshooters
  A deep elf knight (Elf:3)
  2 fauns (Shoals:3)
  A merfolk (Shoals:4)
  A spectral black mamba (Snake:1)
  10 ball lightnings (D:15)
  An orc (Orc:2)
  14 fungi
  25 plants
58 creatures vanquished.

Grand Total: 1385 creatures vanquished

Notes
Turn   | Place    | Note
-------+----------+-------------------------------------------
     0 | D:1      | jersan95 the Merfolk Gladiator began the quest for the Orb.
     0 | D:1      | Reached XP level 1. HP: 16/16 MP: 1/1
   361 | D:1      | Reached XP level 2. HP: 23/23 MP: 2/2
   558 | D:1      | Reached skill level 5 in Polearms
   983 | D:1      | Reached skill level 3 in Fighting
  1156 | D:2      | Reached XP level 3. HP: 29/29 MP: 3/3
  1499 | D:1      | Reached XP level 4. HP: 25/37 MP: 4/4
  1874 | D:3      | Reached skill level 4 in Fighting
  1907 | D:3      | Reached XP level 5. HP: 27/42 MP: 5/5
  2902 | D:4      | Noticed Grinder
  2929 | D:4      | Paralysed by Grinder for 6 turns
  2944 | D:4      | Killed Grinder
  2944 | D:4      | Reached skill level 5 in Fighting
  2944 | D:4      | Reached XP level 6. HP: 26/52 MP: 6/6
  3106 | D:4      | Noticed a phantom
  3127 | D:4      | Killed a phantom
  3127 | D:4      | Reached skill level 6 in Fighting
  3127 | D:4      | Reached XP level 7. HP: 35/58 MP: 7/7
  3366 | D:4      | Found Syluyphu's Antique Armour Emporium.
  3404 | D:4      | Bought a slimy helmet for 180 gold pieces
  3404 | D:4      | Identified the +2 helmet of Lugonu's Reproof {rPois rF- Dex+3} (You bought it in a shop on level 4 of the Dungeon)
  3708 | D:4      | Found an iron altar of Okawaru.
  3755 | D:4      | Became a worshipper of Warmaster Okawaru
  3802 | D:5      | Entered Level 5 of the Dungeon
  4303 | D:5      | Reached skill level 1 in Invocations
  4419 | D:5      | Found a staircase to the Ecumenical Temple.
  4494 | D:5      | Found a shimmering altar of Xom.
  4509 | D:5      | Reached XP level 8. HP: 65/65 MP: 9/9
  4598 | D:5      | Reached * piety under Okawaru
  4616 | D:5      | Reached skill level 7 in Fighting
  4712 | D:5      | Found a hazy altar of Hepliaklqana.
  4715 | D:5      | Found a bloodstained altar of Trog.
  4718 | D:5      | Found a sacrificial altar of Ru.
  4864 | D:6      | Noticed Sigmund
  4875 | D:6      | Killed Sigmund
  4875 | D:6      | Reached skill level 10 in Polearms
  4939 | D:6      | Noticed Edmund
  4953 | D:6      | Killed Edmund
  4975 | D:6      | Got a crude platinum amulet
  4977 | D:6      | Identified the amulet "Ogokod" {Spirit rElec Str+2} (You found it on level 6 of the Dungeon)
  5151 | D:6      | Found a white marble altar of Elyvilon.
  5151 | D:6      | Found a glowing golden altar of the Shining One.
  5167 | D:6      | Found a glowing silver altar of Zin.
  5343 | D:6      | Reached skill level 8 in Fighting
  5563 | D:6      | Reached ** piety under Okawaru
  5563 | D:6      | Reached XP level 9. HP: 72/74 MP: 12/12
  5867 | D:7      | Reached skill level 5 in Invocations
  5952 | D:7      | Noticed a troll
  6106 | D:7      | Killed a troll
  7019 | D:8      | Reached skill level 9 in Fighting
  7313 | D:8      | Reached *** piety under Okawaru
  7365 | D:8      | Found a staircase to the Lair.
  7472 | D:8      | Received a gift from Okawaru
  7472 | D:8      | Reached XP level 10. HP: 67/83 MP: 12/15
  7971 | D:8      | Reached skill level 10 in Fighting
  8477 | D:9      | Found a flagged portal.
  8486 | D:9      | Reached **** piety under Okawaru
  8486 | D:9      | Reached skill level 5 in Dodging
  8495 | Bailey   | Entered a bailey
  8583 | Bailey   | Noticed an orc knight
  8731 | Bailey   | Got smelly steam dragon scales
  8732 | Bailey   | Identified the +6 steam dragon scales of the Ancient Wishes {Str+2 Dex+4 Stlth+} (You found it in a bailey)
  8782 | Bailey   | Killed an orc knight
  8782 | Bailey   | Received a gift from Okawaru
  9561 | D:9      | Found an iron altar of Okawaru.
  9561 | D:9      | Found a blossoming altar of Fedhas.
  9567 | D:9      | Found a faded altar of an unknown god.
  9604 | D:9      | Found a faded altar of an unknown god.
  9605 | D:9      | Found a snail-covered altar of Cheibriados.
  9787 | D:10     | Entered Level 10 of the Dungeon
  9851 | D:10     | Reached skill level 11 in Fighting
 10171 | D:10     | Reached XP level 11. HP: 93/93 MP: 16/16
 10254 | D:10     | Reached skill level 1 in Armour
 10483 | D:10     | Found a staircase to the Orcish Mines.
 10955 | D:11     | Noticed an unseen horror
 10971 | D:11     | Killed an unseen horror
 11122 | D:11     | Noticed a centaur warrior
 11133 | D:11     | Noticed Harold
 11147 | D:11     | Killed Harold
 11169 | D:11     | Found a stormy altar of Qazlal.
 11223 | D:11     | Reached ***** piety under Okawaru
 11649 | D:11     | Noticed a brown ugly thing
 11706 | D:11     | Killed a centaur warrior
 11764 | D:11     | Noticed Gastronok
 11789 | D:11     | Killed Gastronok
 11789 | D:11     | Reached skill level 12 in Fighting
 11937 | D:11     | Received a gift from Okawaru
 12014 | D:11     | Reached skill level 10 in Dodging
 12226 | D:11     | Killed a brown ugly thing
 12226 | D:11     | Reached XP level 12. HP: 103/103 MP: 15/17
 12371 | Lair:1   | Entered Level 1 of the Lair of Beasts
 12400 | Lair:1   | Found a labyrinth entrance.
 12409 | Lab      | Entered a labyrinth
 12615 | Lab      | Received a gift from Okawaru
 12691 | Lab      | Noticed a minotaur
 12749 | Lab      | Killed a minotaur
 13022 | Lab      | Identified Qyupaq's Reference Book on Self-Improvement
 13254 | Lair:1   | Noticed Grum
 13275 | Lair:1   | Killed Grum
 13278 | Lair:1   | Reached skill level 5 in Armour
 13775 | Lair:1   | Reached skill level 13 in Fighting
 14932 | Lair:3   | Noticed a four-headed hydra
 14946 | Lair:3   | Killed a four-headed hydra
 14969 | Lair:3   | Found a staircase to the Shoals.
 15002 | Lair:3   | Reached XP level 13. HP: 111/111 MP: 18/18
 15053 | Lair:3   | Found a staircase to the Snake Pit.
 15194 | Lair:3   | Received a gift from Okawaru
 15905 | Lair:4   | Reached skill level 14 in Fighting
 16208 | Lair:4   | Reached skill level 1 in Shields
 17203 | Lair:5   | Received a gift from Okawaru
 17340 | Lair:5   | Found a staircase to the Slime Pits.
 17340 | Lair:5   | Found a viscous altar of Jiyva.
 17870 | Lair:6   | Entered Level 6 of the Lair of Beasts
 17922 | Lair:6   | Reached XP level 14. HP: 121/121 MP: 16/19
 17939 | Lair:6   | Reached skill level 15 in Fighting
 17939 | Lair:6   | Reached skill level 5 in Shields
 18824 | Lair:6   | Found a burning altar of Makhleb.
 19183 | Lair:6   | Found a gateway to Hell.
 19398 | Lair:6   | Reached ****** piety under Okawaru
 19419 | Lair:6   | Received a gift from Okawaru
 19925 | D:12     | Found a portal to a secret trove of treasure.
 19926 | D:12     | Noticed Urug
 19939 | D:12     | Killed Urug
 20173 | D:12     | Identified the Compendium of Air and the Blaze
 20184 | D:12     | Identified Zyoneo's Incunabulum of Translocation
 20196 | D:12     | Found a deep blue altar of Sif Muna.
 20203 | D:12     | Noticed Snorg
 20212 | D:12     | Noticed a deep elf sorcerer
 20229 | D:12     | Killed Snorg
 20232 | D:12     | Reached skill level 16 in Fighting
 20237 | D:12     | Killed a deep elf sorcerer
 20237 | D:12     | Reached skill level 10 in Invocations
 20322 | D:12     | Reached XP level 15. HP: 65/131 MP: 10/22
 20575 | D:12     | Noticed a deep elf sorcerer
 20597 | D:12     | Killed a deep elf sorcerer
 20611 | D:12     | Identified the Almanac of Fetching Changing
 20629 | D:12     | Identified Sif Muna's Disquisition on Dark Bewitchment
 20637 | D:12     | Learned a level 3 spell: Regeneration
 20644 | D:12     | Learned a level 6 spell: Deflect Missiles
 20689 | D:12     | Identified the Catalogue of Creative Execration
 20772 | D:12     | Identified the Papyrus of Shifting Envenoming
 21542 | D:13     | Found a gate to the Vaults.
 22826 | D:14     | Received a gift from Okawaru
 23062 | D:15     | Entered Level 15 of the Dungeon
 23431 | D:15     | Reached skill level 17 in Fighting
 23526 | D:15     | Reached skill level 10 in Shields
 23928 | D:15     | Identified a scroll of acquirement
 24125 | D:15     | Reached XP level 16. HP: 123/141 MP: 20/25
 24201 | D:15     | Found a staircase to the Depths.
 24429 | D:15     | Received a gift from Okawaru
 25415 | Snake:1  | Entered Level 1 of the Snake Pit
 25482 | Snake:1  | Received a gift from Okawaru
 25493 | Snake:1  | Got a crystal demon trident {god gift}
 25498 | Snake:1  | Identified the +9 demon trident of Okawaru's Scorn {drain, Dex+3} (Okawaru gifted it to you on level 1 of the Snake Pit)
 25984 | Snake:1  | Found a runed gate.
 25985 | Snake:1  | Found a runed gate.
 25985 | Snake:1  | Found a runed gate.
 25987 | Snake:1  | Noticed Larett's ghost (journeyman MiBe)
 26062 | Snake:1  | Killed Larett's ghost
 26084 | Snake:1  | Received a gift from Okawaru
 26231 | Snake:1  | Reached skill level 18 in Fighting
 26917 | Snake:2  | Found a basalt altar of Yredelemnul.
 26955 | Snake:2  | Found Piuxacun's Jewellery Emporium.
 26956 | Snake:2  | Found Zuimaak's Gadget Boutique.
 26956 | Snake:2  | Found Oxkiets's Gadget Boutique.
 26989 | Snake:2  | Found Voudogim's Jewellery Shop.
 27009 | Snake:2  | Bought the brooch of Shielding {Reflect SH+8} for 2126 gold pieces
 27009 | Snake:2  | Found the brooch of Shielding {Reflect SH+8}
 27021 | Snake:2  | Got a spiked leather armour
 27034 | Snake:2  | Identified the cursed +0 leather armour "Debup" {rF+ MR+ Str-3 Dex+3} (You found it on level 2 of the Snake Pit)
 27259 | Snake:2  | Received a gift from Okawaru
 27287 | Snake:2  | Got a jewelled ring mail
 27298 | Snake:2  | Identified the +3 ring mail "Qiuf" {rF+ Int+5} (You found it on level 2 of the Snake Pit)
 27601 | Snake:3  | Reached XP level 17. HP: 114/151 MP: 20/26
 27964 | Snake:3  | Received a gift from Okawaru
 28065 | Snake:3  | Found Ejyowy's General Store.
 28073 | Snake:3  | Bought a potion of mutation for 120 gold pieces
 28282 | Snake:3  | Reached skill level 19 in Fighting
 28988 | Snake:4  | Entered Level 4 of the Snake Pit
 29067 | Snake:4  | Found the +6 shillelagh "Devastator" {shatter}
 29234 | Snake:4  | Found a gateway to a bazaar.
 29246 | Bazaar   | Entered a bazaar
 29260 | Bazaar   | Found Idiuv's Antique Armour Emporium.
 29276 | Bazaar   | Found Sacyfoskur's Magic Scroll Emporium.
 29276 | Bazaar   | Found Iwo Xosh's Distillery.
 29297 | Bazaar   | Found Lozepun's Jewellery Emporium.
 29297 | Bazaar   | Found Odehaekk's Book Shoppe.
 29318 | Bazaar   | Found Gioshoa's Book Emporium.
 29318 | Bazaar   | Found Qoixog's Distillery.
 29383 | Bazaar   | Bought a scroll of enchant weapon for 112 gold pieces
 29389 | Bazaar   | Bought a potion of ambrosia for 136 gold pieces
 29389 | Bazaar   | Bought a potion of heal wounds for 85 gold pieces
 29447 | Snake:4  | Received a gift from Okawaru
 29451 | Snake:4  | Got a pitted shield {god gift}
 29452 | Snake:4  | Identified the +5 shield of Elen {rC- rN+++ Str+6} (Okawaru gifted it to you on level 4 of the Snake Pit)
 29976 | Snake:4  | Reached skill level 20 in Fighting
 30137 | Snake:4  | Reached XP level 18. HP: 158/162 MP: 27/27
 30266 | Snake:4  | Received a gift from Okawaru
 30632 | Snake:4  | Reached skill level 15 in Shields
 30820 | Snake:4  | Received a gift from Okawaru
 30897 | Snake:4  | Got a serpentine rune of Zot
 31194 | Shoals:1 | Entered Level 1 of the Shoals
 31337 | Shoals:1 | Noticed Roxanne
 31369 | Shoals:1 | Killed Roxanne
 31566 | Shoals:1 | Noticed Josephine
 31833 | Shoals:1 | Reached skill level 21 in Fighting
 31839 | Shoals:1 | Received a gift from Okawaru
 31850 | Shoals:1 | Killed Josephine
 32106 | Shoals:2 | Found a frozen archway.
 32124 | IceCv    | Entered an ice cave
 32400 | IceCv    | Reached skill level 15 in Dodging
 33043 | Shoals:2 | Reached XP level 19. HP: 171/172 MP: 28/28
 33772 | Shoals:3 | Noticed Ilsuiw
 33898 | Shoals:3 | Killed Ilsuiw
 34002 | Shoals:4 | Entered Level 4 of the Shoals
 34108 | Shoals:4 | Got a distressingly furry leather armour
 34924 | Shoals:4 | Received a gift from Okawaru
 34944 | Shoals:4 | Reached skill level 22 in Fighting
 35441 | Shoals:4 | Found Goshruf's Jewellery Emporium.
 35528 | Shoals:4 | Identified the +1 leather armour of Going Fast {Slay+2} (You took it off a merfolk impaler on level 4 of the Shoals)
 35543 | Shoals:4 | Got a crude platinum ring
 35673 | Shoals:4 | Got a barnacled rune of Zot
 36016 | Orc:1    | Entered Level 1 of the Orcish Mines
 36350 | Orc:2    | Entered Level 2 of the Orcish Mines
 36576 | Orc:2    | Found a roughly hewn altar of Beogh.
 36618 | Orc:2    | Found a roughly hewn altar of Beogh.
 36621 | Orc:2    | Found Ruaqiur's Food Boutique.
 36688 | Orc:2    | Found a staircase to the Elven Halls.
 36698 | Orc:2    | Found a roughly hewn altar of Beogh.
 36700 | Orc:2    | Found Zeurghiext's Antique Armour Shop.
 36781 | Orc:2    | Found Puntecs's Distillery.
 36998 | Orc:2    | Found a roughly hewn altar of Beogh.
 37165 | Orc:2    | Gained mutation: Your flesh is cold resistant. (rC+) [a neqoxec]
 37180 | Orc:2    | Found a roughly hewn altar of Beogh.
 37180 | Orc:2    | Found Fitus's Antique Armour Shoppe.
 37188 | Orc:2    | Found Lytoydwo's Antique Weapon Emporium.
 37271 | Elf:1    | Entered Level 1 of the Elven Halls
 37271 | Elf:1    | Noticed Agnes
 37283 | Elf:1    | Killed Agnes
 37530 | Elf:1    | Noticed Nikola
 37542 | Elf:1    | Killed Nikola
 37647 | Elf:1    | Reached XP level 20. HP: 184/184 MP: 22/29
 37721 | Elf:1    | Identified the Tome of Confrontation
 38153 | Elf:1    | Received a gift from Okawaru
 38282 | Elf:2    | Identified the ring of Pulot {rC+++ EV+3 Str+2 Dex-4} (You found it on level 4 of the Shoals)
 38305 | Elf:2    | Received a gift from Okawaru
 38548 | Elf:2    | Got a spiked ring mail
 38549 | Elf:2    | Identified the +1 ring mail of Marbles {*Contam rF+ Dex+2 Slay+2} (You found it on level 2 of the Elven Halls)
 38624 | Elf:2    | Found a runed gate.
 38624 | Elf:2    | Found a runed gate.
 38626 | Elf:2    | Found a runed gate.
 38724 | Elf:2    | Noticed Donald
 38976 | Elf:2    | Reached skill level 23 in Fighting
 39171 | Elf:2    | Killed Donald
 39326 | Elf:2    | Received a gift from Okawaru
 39326 | Elf:2    | Reached skill level 10 in Armour
 39638 | Elf:3    | Entered Level 3 of the Elven Halls
 39748 | Orc:2    | Bought a warped plate armour for 616 gold pieces
 39758 | Orc:2    | Identified the cursed +1 plate armour of Distant Worlds {+Fly rPois Int+6 Slay-5} (You bought it in a shop on level 2 of the Orcish Mines)
 39995 | Snake:4  | Found a glowing silver altar of Zin.
 40418 | Elf:3    | Paralysed by a floating eye for 3 turns
 41141 | Elf:3    | Noticed Asterion
 41164 | Elf:3    | Killed Asterion
 41670 | Elf:3    | Noticed a Tzitzimitl
 41688 | Elf:3    | Killed from afar by a Hell Sentinel

Skill      XL: |  1  2  3  4  5  6  7  8  9 10 11 12 13 14 15 16 17 18 19 20 |
---------------+-------------------------------------------------------------+-----
Polearms       | 5 6 8 9 10 12 14 | 14.0
Fighting       | 3 4 5 6 8 9 11 12 13 14 16 17 18 20 21 22 23 | 23.5
Invocations    | 2 4 7 10 12 | 12.5
Dodging        | 7 10 12 13 15 17 | 17.2
Armour         | 4 6 7 8 10 | 10.7
Shields        | 4 8 10 12 14 15 | 15.3
Throwing       | |  2.0

Action                   |  1- 3 |  4- 6 |  7- 9 | 10-12 | 13-15 | 16-18 | 19-21 || total
-------------------------+-------+-------+-------+-------+-------+-------+-------++-------
Melee: Trident           |   101 |   136 |    60 |   478 |       |       |       ||   775
       Spear             |       |       |   509 |   286 |       |       |       ||   795
       Punch             |       |       |       |    12 |    26 |     4 |       ||    42
       Tailslap          |       |       |       |     4 |    18 |    14 |    33 ||    69
       Demon trident     |       |       |       |   220 |  1446 |  1648 |  1362 ||  4676
Throw: Throwing net      |       |     3 |     2 |     4 |       |       |     2 ||    11
       Tomahawk          |       |       |       |    52 |    17 |       |    21 ||    90
       Javelin           |       |       |       |     6 |       |       |       ||     6
Invok: Heroism           |       |       |       |    28 |    30 |    36 |    39 ||   133
       Finesse           |       |       |       |       |     2 |     7 |     6 ||    15
Evoke: Wand              |       |     2 |     7 |    16 |       |       |     1 ||    26
  Use: Scroll            |     2 |       |     9 |    17 |     9 |     7 |    14 ||    58
       Potion            |       |       |     1 |     5 |       |       |     2 ||     8
 Stab: Paralysed         |       |     4 |    13 |     7 |       |       |       ||    24
       Held in net/web   |       |     1 |       |       |       |       |       ||     1
       Sleeping          |       |       |     2 |    13 |    19 |    21 |    20 ||    75
       Distracted        |       |       |       |     2 |    12 |     6 |    12 ||    32
       Petrified         |       |       |       |       |     4 |       |       ||     4
  Eat: Chunk             |     2 |     5 |    20 |    21 |    27 |    12 |    15 ||   102
       Ration            |       |       |       |     3 |     1 |     5 |     4 ||    13
Armor: Scale mail        |    38 |    35 |    76 |       |       |       |       ||   149
       Troll leather arm |       |       |    21 |    39 |       |       |       ||    60
       Steam dragon scal |       |       |       |   105 |   174 |   116 |    74 ||   469
Dodge: Dodged            |    49 |    34 |   181 |   581 |   866 |   604 |   279 ||  2594
Block: Shield            |       |       |       |       |       |   971 |   712 ||  1683
       Reflection        |       |       |       |       |       |   124 |    99 ||   223
